 Dungeon Sprint DCSS version 0.20-a0-871-g785f14b (webtiles) character file.

14690 esc the Devastator (level 12, 0/88 HPs)
             Began as a Gargoyle Fire Elementalist on Mar 14, 2017.
             Was the Champion of Vehumet.
             Slain by an ancient lich (11 damage)
             ... while paralysed by a vampire knight
             ... in the Dungeon (Sprint V: "Ziggurat Sprint").
             The game lasted 00:14:28 (1130 turns).

esc the Devastator (Gargoyle Fire Elementalist)     Turns: 1130, Time: 00:14:28

Health: 0/88       AC: 11    Str: 13    XL:     12   Next: 19%
Magic:  17/44      EV:  2    Int: 40    God:    Vehumet [******]
Gold:   0          SH:  0    Dex: 10    Spells: 4/38 levels left

rFire    . . .     SeeInvis .   y - staff of power {MP+17, !a}
rCold    . . .     Gourm    .   Z - +0 robe "Pygiogur" {Slay+2} (curse)
rNeg     + . .     Faith    .   L - +3 buckler
rPois    ∞         Spirit   .   V - +0 helmet {Int+3}
rElec    +         Reflect  .   (no cloak)
rCorr    .         Harm     .   (no gloves)
MR       .....     NoTele   +   (no boots)
Stlth    ++........             (no amulet)
Regen    0.3/turn               H - +6 ring of intelligence
MPRegen  0.3/turn               G - +6 ring of intelligence

@: paralysed, brilliant, very slightly contaminated
A: deterioration 1, negative energy resistance 1, electricity resistance,
unbreathing, petrification resistance, rot immunity, AC +8
a: Renounce Religion


You were in the Dungeon.
You worshipped Vehumet.
Vehumet was exalted by your worship.
You were not hungry.

You visited 1 branch

Inventory:

Hand Weapons
 a - the +7 Singing Sword
   (You found it in the Dungeon)
Missiles
 I - 3 throwing nets {=f, !d}
Armour
 L - a +3 buckler (worn)
   (You found it in the Dungeon)
 V - a +0 helmet of intelligence (worn)
   (You found it in the Dungeon)
 Z - the cursed +0 robe "Pygiogur" (worn) {Slay+2}
   (You found it in the Dungeon)

   It affects your accuracy and damage with ranged weapons and melee attacks
   (+2).
   It has a curse placed upon it.
Magical Staves
 b - an uncursed staff of energy {@w1+MP, hungerless spells, !d!a}
   (You found it in the Dungeon)
 y - an uncursed staff of power (weapon) {MP+17, !a}
   (You found it in the Dungeon)
Jewellery
 G - a +6 ring of intelligence (left hand)
   (You found it in the Dungeon)
 H - a +6 ring of intelligence (right hand)
   (You found it in the Dungeon)
 N - the ring of Siadu {rF+ rC+}
   (You found it in the Dungeon)

   [ring of protection from fire]

   It protects you from fire.
   It protects you from cold.
Wands
 z - a wand of iceblast (5/15)
   (You found it in the Dungeon)
 B - a wand of acid (5/15)
   (You found it in the Dungeon)
Scrolls
 i - 2 scrolls of blinking {!r}
 p - 3 scrolls of amnesia
 q - 3 scrolls of recharging
 r - 7 scrolls of fog
 s - 2 scrolls of holy word {!r}
 t - 5 scrolls of identify
 u - 5 scrolls of remove curse
 v - 2 scrolls of fear
Potions
 d - 5 potions of curing
 e - 6 potions of heal wounds
 f - 6 potions of haste
 g - 6 potions of magic
 h - 3 potions of berserk rage {!q}
 j - a potion of brilliance
 k - 2 potions of invisibility
 l - 4 potions of resistance
 n - 5 potions of agility
 o - 6 potions of might
Books
 m - a book of Conjurations
   (You found it in the Dungeon)
 C - a book of Flames
 J - the Compendium of Excruciating Displacement
   (You found it in the Dungeon)

   Spells                             Type                      Level
   a - Sting                          Conjuration/Poison           1
   b - Shock                          Conjuration/Air              1
   c - Throw Frost                    Conjuration/Ice              2
   d - Blink                          Translocation                2
   e - Gell's Gravitas                Translocation                3
   f - Lightning Bolt                 Conjuration/Air              5
   g - Iskenderun's Battlesphere      Conjuration/Charms           5
 M - a book of Annihilations
   (You found it in the Dungeon)
 P - a book of Enchantments
   (You found it in the Dungeon)
 Q - a book of Power
   (You found it in the Dungeon)
 W - a book of Spatial Translocations
   (You found it in the Dungeon)
 X - a book of the Tempests
   (You found it in the Dungeon)
 Y - a book of Frost
   (You found it in the Dungeon)
Miscellaneous
 A - a box of beasts
 D - a crystal ball of energy
   (You found it in the Dungeon)
 E - a phial of floods
   (You found it in the Dungeon)
 F - 2 phantom mirrors
 K - a lightning rod (4/4)
   (You found it in the Dungeon)
 R - a crystal ball of energy
   (You found it in the Dungeon)
 S - a lamp of fire
   (You found it in the Dungeon)
 T - a sack of spiders
Comestibles
 c - 5 bread rations {@e1}
 w - 42 fruits
 x - 3 meat rations {@e2}
 O - 3 royal jellies


   Skills:
 + Level 15.8 Fighting
 - Level 1.5 Dodging
 - Level 2.1 Stealth
 - Level 5.1 Shields
 + Level 13.8 Spellcasting
 + Level 15.8 Conjurations
 + Level 14.9 Fire Magic


You had 4 spell levels left.
You knew the following spells:

 Your Spells              Type           Power        Failure   Level  Hunger
a - Bolt of Magma         Conj/Fire/Erth #######...   1%          5    None
b - Ignition              Fire           ########..   2%          8    #####..
c - Blink                 Tloc           N/A          1%          2    None
d - Fire Storm            Conj/Fire      ########..   36%         9    #######
f - Fireball              Conj/Fire      ########..   1%          5    None
z - Iskenderun's Battles  Conj/Chrm      #######.     1%          5    None


Dungeon Overview and Level Annotations

Branches:
Dungeon (1/1)

Altars:
Ashenzari
Cheibriados
Dithmenos
Elyvilon
Fedhas
Gozag
Hepliaklqana
Kikubaaqudgha
Makhleb
Nemelex Xobeh
Okawaru
Qazlal
Ru
Sif Muna
Trog
Uskayaw
Vehumet
Wu Jian
Xom
Yredelemnul
Zin
The Shining One
Beogh
Jiyva
Lugonu


Innate Abilities, Weirdness & Mutations

You are resistant to torment.
Your stone body is resilient. (AC +8)
You are immune to poison.
You resist negative energy. (rN+)
You are resistant to electric shocks. (rElec)
You can survive without breathing.
You are immune to petrification.
You are immune to rotting.
Your body sometimes deteriorates upon taking damage.


Message History

The fireball engulfs the vampire knight.
The fireball engulfs the ghoul.
The fireball engulfs something.
Something hits you!
Your body deteriorates!
You feel clumsy. Something bites you!
The lich gestures at you while chanting.
You are confused.
The ghoul barely misses you. The ghoul claws you.
You take 22 damage, and have 53/81 hp.
MASSIVE DAMAGE!!
You now have 19/43 mp.
You feel better.
The ancient lich points at you and mumbles some strange words.
You feel haunted.
You hear some strange, mumbled words.
Something tries to affect you, but you resist.
The ghoul claws you!! The ghoul barely misses you.
You take 10 damage, and have 43/81 hp.
Okay, then.
Unknown command.
You miscast Ignition.
You are very lightly contaminated with residual magic.
The air around you burns with energy!
The ancient lich gestures at you while chanting.
The bolt of negative energy hits the ghoul.
The ghoul completely resists.
The bolt of negative energy misses you.
Unholy energy fills the air.
The lich casts a spell.
The ghoul claws you!
* * * LOW HITPOINT WARNING * * *
The ghoul claws you!
* * * LOW HITPOINT WARNING * * *
You take 36 damage, and have 7/81 hp.
MASSIVE DAMAGE!!
You now have 11/43 mp.
You feel much better. Something hits you.
* * * LOW HITPOINT WARNING * * *
Something bites you!
* * * LOW HITPOINT WARNING * * *
The ghoul misses you. The ghoul closely misses you.
You block the wraith's attack.
You regained 6 hp, and now have 13/81 hp.
Okay, then.
Unknown command.
The air bursts into flame!
The fireball engulfs the wraith.
The fireball engulfs the hungry ghost.
The fireball engulfs the wraith.
The fireball engulfs the Tzitzimitl.
The fireball engulfs the lich.
You destroy the lich!
Vehumet accepts your kill.
You feel your power returning.
The Tzitzimitl disappears in a puff of smoke!
You feel your dexterity returning.
You have reached level 12!
Your experience leads to an increase in your attributes!
Your base attributes are Str 13, Int 18, Dex 10.
Increase (S)trength, (I)ntelligence, or (D)exterity?
You feel clever. x2
The fireball engulfs the ancient lich.
The ancient lich resists.
The fireball engulfs the vampire knight.
The fireball engulfs the ghoul.
The fireball engulfs something.
Vehumet accepts your kill.
You feel your power returning.
You feel a bit more experienced.
The fireball engulfs the wraith. x2
You destroy the wraith!
The fireball engulfs the hungry ghost.
You destroy the hungry ghost!
The fireball engulfs the wraith.
You destroy the wraith!
The fireball engulfs the ghoul.
The fireball engulfs the ancient lich.
The ancient lich resists.
The fireball engulfs the ghoul.
You destroy the ghoul!
Vehumet accepts your kill.
You feel your power returning.
The fireball engulfs the vampire knight.
The fireball engulfs the ancient lich.
The ancient lich resists.
The fireball engulfs the vampire knight.
The fireball engulfs the ancient lich.
The ancient lich resists.
You regained 2 hp, and now have 15/88 hp.
You regained 3 mp, and now have 15/44 mp.
Okay, then.
Really read
i - 3 scrolls of blinking {!r}?
Blink to where?
Okay, then.
The +2 pair of gloves "Qaley" {*Contam rElec Dex+4}.
The floor.
Really read
i - 3 scrolls of blinking {!r}?
Blink to where?
As you read the scroll of blinking {!r}, it crumbles to dust.
The vampire knight points at you and mumbles some strange words.
You suddenly lose the ability to move!
The ancient lich gestures wildly while chanting.
The ancient lich seems to speed up.
The ancient lich casts a spell at you. The poison arrow hits you!
You partially resist.
* * * LOW HITPOINT WARNING * * *
The vampire knight mumbles some strange words.
The vampire knight flickers and vanishes!
The ancient lich touches you!
You die...

▓..[[)).. ▓....|)..
▓........ ▓...).÷..
▓....)).. ▓....)...
▓▓▓▓▓▓▓▓▓▓▓▓▓.▓.....▓
▓.{..8©8....▓........
▓..)@))}))..▓▓▓▓▓▓▓▓▓
▓...)L))[...▓...8©8..
▓...........▓..[="}).
▓......)§...▓...=XW..
▓...........▓....s5..
▓...........▓...X*...
▓.......†...▓......g.
▓..▓...=.▓..▓...gKG..
▓...........▓.▓.....▓


You could see an ancient lich.

Vanquished Creatures
  A lich (D)
  An emperor scorpion (D)
  2 ghouls (D)
  A vampire mage (D)
  A skeletal warrior (D)
  3 necromancers (D)
  A shining eye (D)
  A spiny frog (D)
  2 jumping spiders (D)
  5 merfolk (D)
  4 hornets (D)
  2 hippogriffs (D)
  2 slime creatures (D)
  A ynoxinul (D)
  A spriggan (D)
  3 redbacks (D)
  A tarantella (D)
  A shadow (D)
  3 vampires (D)
  A golden eye (D)
  A yak (D)
  A basilisk (D)
  A porcupine (D)
  A floating eye (D)
  3 black bears (D)
  2 necrophages (D)
  2 wolves (D)
  2 phantoms (D)
  6 wights (D)
  3 crimson imps (D)
  2 orc wizards (D)
  3 jellies (D)
  2 iguanas (D)
  2 white imps (D)
  An ooze (D)
  2 orcs (D)
  2 bat skeletons (D)
  2 bat zombies (D)
  A giant cockroach zombie (D)
  2 leopard gecko skeletons (D)
  A quokka skeleton (D)
79 creatures vanquished.

Vanquished Creatures (others)
  A spatial maelstrom (D)
  Psyche (D)
  Eustachio (D)
  Duvessa (D)
4 creatures vanquished.

Grand Total: 83 creatures vanquished

Notes
Turn   | Place    | Note
-------+----------+-------------------------------------------
     0 | D        | esc the Gargoyle Fire Elementalist began the quest for the Orb.
     0 | D        | Reached XP level 1. HP: 10/10 MP: 3/3
     0 | D        | Found a deep blue altar of Sif Muna.
     0 | D        | Found a sacrificial altar of Ru.
     0 | D        | Found a bloodstained altar of Trog.
     0 | D        | Found a stormy altar of Qazlal.
     0 | D        | Found an iron altar of Okawaru.
     0 | D        | Found a sparkling altar of Nemelex Xobeh.
     0 | D        | Found a blossoming altar of Fedhas.
     2 | D        | Found an ancient bone altar of Kikubaaqudgha.
     2 | D        | Found a viscous altar of Jiyva.
     2 | D        | Found a corrupted altar of Lugonu.
     2 | D        | Found a hazy altar of Hepliaklqana.
     2 | D        | Found a burning altar of Makhleb.
     2 | D        | Found an opulent altar of Gozag.
     4 | D        | Banished a spatial maelstrom
    32 | D        | Became a worshipper of Vehumet
    94 | D        | Reached skill level 3 in Fighting
    94 | D        | Reached skill level 3 in Shields
    94 | D        | Reached skill level 3 in Spellcasting
    94 | D        | Reached skill level 3 in Conjurations
    94 | D        | Reached skill level 4 in Fire Magic
    94 | D        | Reached XP level 2. HP: 19/19 MP: 3/6
   123 | D        | Entered arena 1.
   123 | D        | Noticed a bullfrog
   123 | D        | Noticed a porcupine
   125 | D        | Noticed a warg
   125 | D        | a bullfrog changed into a warg
   127 | D        | Noticed a fire bat
   127 | D        | a porcupine changed into a fire bat
   128 | D        | Noticed a scorpion
   128 | D        | a warg changed into a scorpion
   134 | D        | a scorpion changed into an ooze
   136 | D        | Noticed a sky beast
   136 | D        | a fire bat changed into a sky beast
   137 | D        | Entered arena 2.
   137 | D        | Noticed a phantom
   137 | D        | Noticed a wight
   144 | D        | Killed a wight
   144 | D        | Reached skill level 4 in Fighting
   144 | D        | Reached skill level 4 in Shields
   144 | D        | Reached skill level 4 in Spellcasting
   144 | D        | Reached skill level 4 in Conjurations
   144 | D        | Reached XP level 3. HP: 12/24 MP: 2/8
   148 | D        | HP: 5/24 [phantom (3)]
   149 | D        | HP: 2/24 [phantom (3)]
   157 | D        | Killed a phantom
   157 | D        | Reached * piety under Vehumet
   157 | D        | Offered knowledge of Shock by Vehumet.
   157 | D        | Reached skill level 5 in Fighting
   157 | D        | Reached skill level 5 in Shields
   157 | D        | Reached skill level 5 in Conjurations
   157 | D        | Reached skill level 5 in Fire Magic
   157 | D        | Reached XP level 4. HP: 22/31 MP: 4/10
   157 | D        | Reached XP level 5. HP: 25/35 MP: 4/12
   253 | D        | Learned a level 5 spell: Fireball
   253 | D        | Entered arena 3.
   257 | D        | Reached skill level 5 in Spellcasting
   257 | D        | Reached skill level 6 in Fire Magic
   258 | D        | Reached ** piety under Vehumet
   264 | D        | Reached skill level 6 in Conjurations
   277 | D        | Got the ring of Siadu {rF+ rC+}
   383 | D        | Entered arena 4.
   384 | D        | Offered knowledge of Sandblast by Vehumet.
   386 | D        | Killed Duvessa
   394 | D        | Reached *** piety under Vehumet
   394 | D        | Reached skill level 6 in Fighting
   394 | D        | Reached XP level 6. HP: 27/41 MP: 12/14
   458 | D        | Killed Psyche
   494 | D        | Entered arena 5.
   494 | D        | Noticed a phantom
   494 | D        | Noticed a necrophage
   510 | D        | Killed a necrophage
   510 | D        | Reached skill level 7 in Fighting
   510 | D        | Reached skill level 6 in Spellcasting
   510 | D        | Reached skill level 7 in Conjurations
   510 | D        | Reached skill level 7 in Fire Magic
   511 | D        | Reached **** piety under Vehumet
   518 | D        | Killed a phantom
   518 | D        | Reached XP level 7. HP: 38/48 MP: 17/17
   527 | D        | Killed Eustachio
   575 | D        | Entered arena 6.
   575 | D        | Noticed a spriggan rider
   576 | D        | Offered knowledge of Static Discharge by Vehumet.
   576 | D        | Reached skill level 7 in Spellcasting
   576 | D        | Reached skill level 8 in Conjurations
   576 | D        | Reached skill level 8 in Fire Magic
   577 | D        | Reached ***** piety under Vehumet
   577 | D        | Reached skill level 8 in Fighting
   578 | D        | Killed a hornet
   578 | D        | Reached skill level 9 in Fighting
   578 | D        | Reached skill level 8 in Spellcasting
   578 | D        | Reached skill level 9 in Conjurations
   578 | D        | Reached skill level 9 in Fire Magic
   578 | D        | Reached XP level 8. HP: 41/56 MP: 6/20
   579 | D        | Killed a spriggan
   597 | D        | Got the ring "Wompo" {rCorr Dex+4}
   615 | D        | Learned a level 8 spell: Ignition
   660 | D        | Entered arena 7.
   660 | D        | Noticed a spiny frog
   660 | D        | Noticed a yak
   665 | D        | Reached skill level 10 in Fighting
   665 | D        | Killed a spiny frog
   665 | D        | Reached skill level 9 in Spellcasting
   665 | D        | Reached skill level 10 in Conjurations
   665 | D        | Reached skill level 10 in Fire Magic
   666 | D        | Reached XP level 9. HP: 63/63 MP: 8/22
   666 | D        | Reached ****** piety under Vehumet
   679 | D        | Got the cursed +0 robe "Pygiogur" {Slay+2}
   750 | D        | Entered arena 8.
   750 | D        | Noticed a merfolk
   750 | D        | Noticed a merfolk
   750 | D        | Noticed a merfolk
   750 | D        | Noticed a merfolk
   750 | D        | Noticed a merfolk
   753 | D        | Killed a merfolk
   753 | D        | Offered knowledge of Stone Arrow by Vehumet.
   753 | D        | Killed a merfolk
   753 | D        | Reached skill level 11 in Fighting
   753 | D        | Reached skill level 11 in Conjurations
   755 | D        | Killed a merfolk
   755 | D        | Reached skill level 10 in Spellcasting
   755 | D        | Reached skill level 11 in Fire Magic
   755 | D        | Killed a merfolk
   756 | D        | Killed a merfolk
   762 | D        | Reached skill level 12 in Fighting
   762 | D        | Reached skill level 12 in Conjurations
   762 | D        | Reached XP level 10. HP: 57/71 MP: 7/24
   783 | D        | Identified the Compendium of Excruciating Displacement (You found it in the Dungeon)
   790 | D        | Learned a level 5 spell: Iskenderun's Battlesphere
   852 | D        | Entered arena 9.
   852 | D        | Noticed a thrashing horror
   852 | D        | Noticed a glowing orange brain
   859 | D        | Entered arena 10.
   859 | D        | Noticed a shining eye
   861 | D        | Gained mutation: Your body sometimes deteriorates upon taking damage. [a shining eye]
   868 | D        | Reached skill level 11 in Spellcasting
   870 | D        | Killed a shining eye
   870 | D        | Reached skill level 12 in Fire Magic
   881 | D        | Learned a level 2 spell: Blink
  1007 | D        | Entered arena 11.
  1007 | D        | Noticed an emperor scorpion
  1010 | D        | Offered knowledge of Bolt of Magma by Vehumet.
  1011 | D        | Reached skill level 13 in Fighting
  1011 | D        | Reached skill level 13 in Conjurations
  1013 | D        | Killed an emperor scorpion
  1013 | D        | Reached skill level 12 in Spellcasting
  1013 | D        | Reached skill level 13 in Fire Magic
  1013 | D        | Reached XP level 11. HP: 79/79 MP: 24/27
  1030 | D        | Got a ring of the Octopus King {MP+9 AC+1 EV+1 Str+1 Int+1 Dex+1}
  1044 | D        | Learned a level 9 spell: Fire Storm
  1090 | D        | Learned a level 5 spell: Bolt of Magma
  1090 | D        | Entered arena 12.
  1090 | D        | Noticed a necromancer
  1090 | D        | Noticed a vampire mage
  1090 | D        | Noticed a necromancer
  1092 | D        | Noticed a ghoul
  1092 | D        | Offered knowledge of Orb of Destruction by Vehumet.
  1092 | D        | Reached skill level 14 in Fighting
  1092 | D        | Reached skill level 14 in Conjurations
  1092 | D        | Killed a necromancer
  1092 | D        | Killed a necromancer
  1092 | D        | Killed a vampire mage
  1096 | D        | Killed a ghoul
  1096 | D        | Reached skill level 14 in Fire Magic
  1105 | D        | Identified the Incunabulum of Flames and Enchantment (You found it in the Dungeon)
  1114 | D        | Entered arena 13.
  1115 | D        | Noticed a ghoul
  1116 | D        | Noticed a lich
  1116 | D        | Noticed a skeletal warrior
  1116 | D        | Noticed an ancient lich
  1116 | D        | Noticed a necromancer
  1117 | D        | Reached skill level 13 in Spellcasting
  1117 | D        | Killed a necromancer
  1117 | D        | Reached skill level 15 in Fighting
  1117 | D        | Reached skill level 15 in Conjurations
  1117 | D        | Killed a skeletal warrior
  1118 | D        | Noticed a vampire knight
  1121 | D        | HP: 7/81 [ghoul (15)]
  1122 | D        | Noticed a Tzitzimitl
  1123 | D        | Killed a lich
  1123 | D        | Reached XP level 12. HP: 15/88 MP: 7/29
  1123 | D        | Killed a ghoul
  1124 | D        | Paralysed by a vampire knight for 7 turns
  1128 | D        | HP: 10/88 [ancient lich/poison arrow (6)]
  1130 | D        | Slain by an ancient lich

Vault maps used:
D:        sprint_v

Skill      XL: |  1  2  3  4  5  6  7  8  9 10 11 |
---------------+----------------------------------+-----
Fighting       | 3 4 5 6 7 9 10 12 13 15 | 15.8
Shields        | 3 4 5 |  5.1
Spellcasting   | 3 4 5 6 8 9 10 12 13 | 13.8
Conjurations   | 3 4 5 6 7 9 10 12 13 15 | 15.8
Fire Magic     | 4 5 6 7 9 10 11 13 14 | 14.9
Dodging        | |  1.5
Stealth        | |  2.1

Action                   |  1- 3 |  4- 6 |  7- 9 | 10-12 || total
-------------------------+-------+-------+-------+-------++-------
Melee: Double sword      |    12 |    23 |     4 |       ||    39
 Cast: Flame Tongue      |     6 |    15 |     5 |     1 ||    27
       Fireball          |       |       |    13 |    17 ||    30
       Iskenderun's Batt |       |       |       |     3 ||     3
       Ignition          |       |       |       |     5 ||     5
Evoke: Phantom mirror    |       |       |       |     1 ||     1
  Use: Potion            |     4 |       |       |     8 ||    12
       Scroll            |       |       |       |     3 ||     3
  Eat: Meat ration       |       |       |       |     1 ||     1
Armor: Robe              |     3 |    17 |     5 |     5 ||    30
Dodge: Dodged            |    14 |    14 |     6 |    13 ||    47
Block: Buckler           |    12 |    12 |     4 |     1 ||    29
       Rpst.: Double sword |     1 |     3 |       |       ||     4

Vault maps used:
D:        sprint_v

Table legend:
 A = Turns spent in this place as a percentage of turns spent in the entire game.
 B = Non-inter-level travel turns spent in this place as a percentage of non-inter-level travel turns spent in the entire game.
 C = Inter-level travel turns spent in this place as a percentage of turns spent in this place.
 D = Turns resting spent in this place as a percentage of non-inter-level travel turns spent in this place.
 E = Turns spent auto-exploring this place as a percentage of non-inter-level travel turns spent in this place.
 F = Non-inter-level travel turns spent in this place divided by the number of levels of this place that you've seen.
                   A       B       C       D       E      F
               +-------+-------+-------+-------+-------+----------------------
         Total | 100.0 | 100.0 |   0.0 |   4.0 |   0.0 | 550.0
       Dungeon | 100.0 | 100.0 |   0.0 |   4.0 |   0.0 | 550.0
               +-------+-------+-------+-------+-------+----------------------

Table legend:
 A = Kills in this place as a percentage of kills in entire the game.
 B = Kills by you in this place as a percentage of kills by you in the entire game.
 C = Kills by friends in this place as a percentage of kills by friends in the entire game.
 D = Other kills in this place as a percentage of other kills in the entire game.
 E = Experience gained in this place as a percentage of experience gained in the entire game.
 F = Experience gained in this place divided by the number of levels of this place that you have seen.
                   A       B       C       D       E      F
               +-------+-------+-------+-------+-------+----------------------
         Total | 100.0 | 100.0 |  -nan |  -nan | 100.0 | 20976.0
       Dungeon | 100.0 | 100.0 |  -nan |  -nan | 100.0 | 20976.0
               +-------+-------+-------+-------+-------+----------------------
